 Dungeon Crawl Stone Soup version 0.31-a0-424-g41b3b0883d (webtiles) character file.

Game seed: 11728331718489859446

595 Ethylacetat the Insei (level 7, -2/47 HPs)
             Began as an Octopode Shapeshifter on July 30, 2023.
             Slain by a gnoll
             ... wielding a +0 whip
              (3 damage)
             ... on level 5 of the Dungeon.
             The game lasted 00:04:06 (3038 turns).

Ethylacetat the Insei (Octopode Shapeshifter)       Turns: 3038, Time: 00:04:07

Health: -2/47      AC:  1    Str: 14    XL:     7   Next: 40%
Magic:  7/7        EV: 14    Int: 11    God:
Gold:   264        SH:  0    Dex: 14    Spells: 6/6 levels left

rFire   . . .        a - +2 short sword (drain)
rCold   . . .        (no shield)
rNeg    . . .        (helmet currently unavailable)
rPois   .            m - amulet of the acrobat
rElec   .            (no ring)
rCorr   .            (no ring)
SInv    .            (no ring)
Will    +....        (no ring)
Stlth   ++           (no ring)
HPRegen 0.27/turn    (no ring)
MPRegen 0.10/turn    (no ring)
                     (no ring)

%: acrobat
@: beast-form, enlightened, flying, hasted, invisible, very quick
A: beast (slay +3), almost no armour, amphibious, 8 rings, camouflage 1,
gelatinous body 1, (nimble swimmer 1), tentacles
a: Begin Untransformation


You were on level 5 of the Dungeon.
You were a hulking beast.
You visited 1 branch of the dungeon, and saw 5 of its levels.

You collected 264 gold pieces.

Inventory:

Hand Weapons
 a - a +2 short sword of draining (weapon)
Jewellery
 m - an amulet of the acrobat (around mantle)
Talismans
 b - a beast talisman (active)
Wands
 i - a wand of charming (8)
 j - a wand of polymorph (9)
Scrolls
 c - a scroll of enchant weapon {unknown}
 e - 8 scrolls of identify {unknown}
 k - a scroll of brand weapon {unknown}
 l - a scroll of teleportation {unknown}
 n - a scroll of immolation {unknown}
 o - a scroll of fear {unknown}
 p - a scroll of torment {unknown}
 q - a scroll of fog {unknown}
Potions
 f - a potion of haste


   Skills:
 + Level 3.8 Fighting
 - Level 4.0 Dodging
 + Level 4.8 Unarmed Combat
 * Level 4.5 Shapeshifting


You had 6 spell levels left.
You didn't know any spells.
Your spell library contained the following spells:

 Spells                   Type           Power      Damage    Failure   Level
 Blink                    Tloc           0%         N/A       47%         2
 Lesser Beckoning         Tloc           0%         N/A       47%         2
 Momentum Strike          Conj/Tloc      0%         3d8       47%         2


Dungeon Overview and Level Annotations

Branches:
Dungeon (5/15)
 Temple: D:4-7

Altars:
Kikubaaqudgha
Makhleb
Zin


Innate Abilities, Weirdness & Mutations

You are a hulking beast.
Your limbs bulge with bestial killing power. (Slay +3)
You cannot wear most types of armour.
You are amphibious.
You can wear up to eight rings at the same time.
Your skin changes colour to match your surroundings (Stealth+).
Your rubbery body absorbs attacks. (AC +1, EV +1)
((You are camouflaged when in or above water. (Stealth+)))
You have tentacles for arms and can constrict up to eight enemies at once.


Message History

You hit the ice beast but do no damage. You drain the ice beast.
The ice beast is severely wounded.
The ice beast misses you. The phantom hits you!
The phantom blinks!
You blink.
Found a book of Displacement.
Found a stone staircase leading down.
You puncture the phantom!
The phantom is moderately damaged.
The phantom hits you.
The phantom blinks!
You blink.
The ice beast attacks as you move away! The ice beast misses you.
The phantom completely misses you. The gnoll closely misses you.
The gnoll completely misses you.
You open the door. The ice beast misses you. The phantom hits you.
The phantom blinks!
You blink.
Found a runed orb.
You barely miss the phantom. You squeeze the phantom.
The phantom is moderately damaged.
The phantom barely misses you.
You puncture the phantom! Your squeeze misses the phantom.
The phantom is severely damaged.
The phantom hits you.
You hit the phantom. Your squeeze misses the phantom.
The phantom is almost destroyed.
The phantom barely misses you. The gnoll closely misses you.
The gnoll misses you. The phantom attacks as you move away!
The phantom hits you.
* * * LOW HITPOINT WARNING * * *
A shadow imp comes into view.
Okay, then.
It was a potion of enlightenment.
You feel very buoyant.
You fly up into the air.
The gnoll hits you with a +0 whip.
* * * LOW HITPOINT WARNING * * *
The phantom misses you. The gnoll misses you. The gnoll barely misses you.
It was a potion of haste.
You feel yourself speed up. The phantom hits you.
* * * LOW HITPOINT WARNING * * *
The gnoll barely misses you. The gnoll misses you.
It was a potion of magic.
Magic courses through your body.
It was a potion of invisibility.
You fade into invisibility!
The shadow imp shouts, "Begone, thou jarring boil-brained bugbear!"
The gnoll hits you with a +0 whip.
You die...

#####+### #........
#........ #........
. #.......5 #.....
#.....[..
#.....#####hg......
#.........W.#+###..
#......⌠.)gg#
#..........Y+
#....⌠...⌠..#
###........#
+.....<....# ###
#..........#...##
#...⌠...⌠.#......


You could see an ice beast (unable to see you, very drained), a phantom (unable
to see you), 3 gnolls and a shadow imp (wandering, unable to see you).

Vanquished Creatures
  Sigmund (D:3)
  A black bear (D:4)
  A phantom (D:4)
  3 howler monkeys (D:4)
  Terence (D:3)
  2 orc wizards (D:4)
  3 gnolls (D:3)
  An ufetubus (D:4)
  A worm (D:2)
  3 dart slugs (D:1)
  An orc (D:4)
  2 bats
  3 endoplasms
  2 giant cockroaches
  7 goblins
  5 hobgoblins
  7 kobolds
  3 quokkas
  3 ball pythons (D:1)
  2 frilled lizards
  A rat (D:1)
53 creatures vanquished.

Notes
Turn   | Place    | Note
-------+----------+-------------------------------------------
     0 | D:1      | Ethylacetat the Octopode Shapeshifter began the quest for
                  | the Orb.
     0 | D:1      | Reached XP level 1. HP: 13/13 MP: 1/1
    91 | D:1      | Reached XP level 2. HP: 18/18 MP: 2/2
   166 | D:1      | Found a faded altar of an unknown god.
   377 | D:1      | Reached XP level 3. HP: 23/23 MP: 3/3
  1010 | D:2      | You fall into a shaft and drop 1 floor!
  1202 | D:3      | Noticed Terence
  1213 | D:3      | Killed Terence
  1214 | D:3      | Reached XP level 4. HP: 10/24 MP: 4/4
  1828 | D:3      | Noticed Sigmund
  1836 | D:3      | Killed Sigmund
  1837 | D:3      | Reached XP level 5. HP: 27/36 MP: 5/5
  1837 | D:3      | Reached XP level 6. HP: 31/42 MP: 6/6
  2292 | D:4      | Found an ancient bone altar of Kikubaaqudgha.
  2309 | D:4      | Noticed a black bear
  2333 | D:4      | Killed a black bear
  2334 | D:4      | Reached XP level 7. HP: 44/46 MP: 7/7
  2539 | D:4      | Found a glowing silver altar of Zin.
  2539 | D:4      | Found a burning altar of Makhleb.
  2540 | D:4      | Noticed a balrug
  2540 | D:4      | Noticed an angel
  3019 | D:5      | Entered Level 5 of the Dungeon
  3036 | D:5      | HP: 1/47 [phantom (6)]
  3038 | D:5      | Slain by a gnoll

Illustrated notes

Levels and vault maps discovered:
D:1:      beargit_arrival_greenhouse, layout_loops_ring,
          ebering_ecumenical_altar_hall
D:2:      layout_loops_cross
D:3:      layout_basic, uniq_sigmund, uniq_terence
D:4:      layout_gridville, grunt_temple_overflow_order_and_chaos_2,
          amcnicky_altar_gilded
D:5:      layout_gridville, nicolae_uskayaw_dance_hall, grunt_ministairs_2

Skill      XL: |  1  2  3  4  5  6 |
---------------+-------------------+-----
Fighting       | 2 3 |  3.8
Dodging        | 3 4 |  4.0
Unarmed Combat | 4 |  4.8
Shapeshifting  | 4 |  4.5

Action                     |  1- 3 |  4- 6 |  7- 9 || total
---------------------------+-------+-------+-------++-------
  Melee: Unarmed           |    49 |       |       ||    49
         Constrict         |    15 |     6 |     7 ||    28
         Tentacles         |     8 |     7 |     5 ||    20
         Punch             |     1 |       |     1 ||     2
         Short sword       |       |    36 |    30 ||    66
    Use: Potion            |     1 |       |     4 ||     5
   Stab: Sleeping          |    10 |     3 |     2 ||    15
 Armour: Skin              |     6 |     1 |       ||     7
  Dodge: Dodged            |    13 |    14 |    34 ||    61

Table legend: (Time is in decaauts)
 A = Elapsed time spent in this place.
 B = Non-inter-level travel time spent in this place.
 C = Inter-level travel time spent in this place.
 D = Time resting spent in this place.
 E = Time spent auto-exploring this place.
 F = Levels seen in this place.
 G = Mean time per level.
                   A        B        C        D        E       F      G
               +--------+--------+--------+--------+--------+-----+--------+
         Total |   3033 |   2960 |     73 |     24 |   2544 |   5 |  606.6 |
       Dungeon |   3033 |   2960 |     73 |     24 |   2544 |   5 |  606.6 |
               +--------+--------+--------+--------+--------+-----+--------+

Top non-repeatable levels by time:
     D:3: 1058 daAuts
     D:4: 948 daAuts
     D:1: 717 daAuts
     D:2: 290 daAuts
     D:5: 18 daAuts
